 Dungeon Crawl Stone Soup version 0.21-a0-625-g1119ec1 (webtiles) character file.

4706 slep the Carver (level 10, -1/53 HPs)
             Began as a Vine Stalker Monk on Dec 25, 2017.
             Was a High Priest of Okawaru.
             Slain by a wyvern (8 damage)
             ... on level 9 of the Dungeon.
             The game lasted 00:43:56 (5689 turns).

slep the Carver (Vine Stalker Monk)                 Turns: 5689, Time: 00:44:03

Health: -1/53      AC:  7    Str: 14    XL:     10   Next: 45%
Magic:  0/20       EV: 16    Int: 10    God:    Okawaru [*****.]
Gold:   425        SH:  0    Dex: 20    Spells: 8/9 levels left

rFire    . . .     SeeInvis .   a - +1 falchion
rCold    + . .     Gourm    .   (no shield)
rNeg     . . .     Faith    .   q - +0 leather armour
rPois    .         Spirit   +   (no helmet)
rElec    .         Reflect  .   (no cloak)
rCorr    .         Harm     .   F - +0 pair of gloves
MR       +....                  x - +2 pair of boots
Stlth    ++++......             g - amulet of regeneration
HPRegen  0.97/turn              y - ring of magical power
MPRegen  0.17/turn              u - ring of protection from cold

@: no status effects
A: fangs 3, regeneration 1, magic shield, antimagic bite, no potion heal 3, rot
immunity
a: Heroism, Finesse, Renounce Religion


You were on level 9 of the Dungeon.
You worshipped Okawaru.
Okawaru was extremely pleased with you.
You were not hungry.

You visited 2 branches of the dungeon, and saw 10 of its levels.
You also visited: Ossuary.

You collected 425 gold pieces.

Inventory:

Hand Weapons
 a - a +1 falchion (weapon)
 b - a +0 blowgun
Missiles
 o - 133 sling bullets
 z - 16 poisoned needles
Armour
 q - a +0 leather armour (worn)
 x - a +2 pair of boots (worn)
 F - a +0 pair of gloves (worn)
 G - a +0 robe
Jewellery
 g - an amulet of regeneration (around neck)
 u - a ring of protection from cold (right hand)
 y - a ring of magical power (left hand)
 E - an uncursed ring of wizardry
Wands
 w - a wand of digging (12)
 L - a wand of polymorph (8)
Scrolls
 e - 7 scrolls of identify
 h - 3 scrolls of fog
 i - 2 scrolls of immolation
 j - 2 scrolls of enchant armour
 k - 3 scrolls of teleportation
 m - 3 scrolls of amnesia
 p - 7 scrolls of remove curse
Potions
 d - a potion of experience
 f - a potion of curing
 l - 4 potions of heal wounds
 n - 3 potions of degeneration
 r - a potion of cancellation
 s - a potion of might {unknown}
 C - 4 potions of brilliance
 D - 5 potions of lignification
Books
 A - a book of Air

   Spells                             Type                      Level
   a - Shock                          Conjuration/Air              1
   b - Swiftness                      Charms/Air                   2
   c - Static Discharge               Conjuration/Air              3
   d - Airstrike                      Air                          4
   e - Lightning Bolt                 Conjuration/Air              5
 B - a book of Maledictions

   Spells                             Type                      Level
   a - Corona                         Hexes                        1
   b - Ensorcelled Hibernation        Hexes/Ice                    2
   c - Confuse                        Hexes                        3
   d - Tukima's Dance                 Hexes                        3
   e - Dazzling Spray                 Conjuration/Hexes            3
 H - a book of Frost

   Spells                             Type                      Level
   a - Freeze                         Ice                          1
   b - Throw Frost                    Conjuration/Ice              2
   c - Ozocubu's Armour               Charms/Ice                   3
   d - Throw Icicle                   Conjuration/Ice              4
   e - Summon Ice Beast               Ice/Summoning                4
 I - the Compendium of Activism
   (You found it on level 6 of the Dungeon)

   Spells                             Type                      Level
   a - Freeze                         Ice                          1
   b - Apportation                    Translocation                1
   c - Summon Forest                  Summoning/Translocation      5
   d - Bolt of Cold                   Conjuration/Ice              6
   e - Malign Gateway                 Summoning/Translocation      7
Comestibles
 c - 11 rations
 t - 3 chunks of flesh


   Skills:
 + Level 6.5 Fighting
 + Level 8.9 Long Blades
 + Level 1.3 Throwing
 + Level 3.9 Armour
 + Level 5.7 Dodging
 + Level 7.8 Stealth
 + Level 0.7 Unarmed Combat


You had 8 spell levels left.
You knew the following spells:

 Your Spells              Type           Power        Failure   Level  Hunger
a - Apportation           Tloc           #.....       43%         1    ##.....


Dungeon Overview and Level Annotations

Branches:
Dungeon (9/15)             Temple (1/1) D:5            Lair (0/6) D:9
    Orc (0/2) D:9

Altars:
Ashenzari
Cheibriados
Dithmenos
Elyvilon
Fedhas
Gozag
Hepliaklqana
Kikubaaqudgha
Makhleb
Nemelex Xobeh
Okawaru
Qazlal
Ru
Sif Muna
Trog
Uskayaw
Vehumet
Wu Jian
Xom
Yredelemnul
Zin
The Shining One

Shops:
D:7 }*

Annotations:
D:9 Joseph


Innate Abilities, Weirdness & Mutations

You have razor-sharp teeth.
Your natural rate of healing is unusually fast.
When hurt, damage is shared between your health and your magic reserves.
Your bite disrupts and absorbs the magic of your enemies.
Potions cannot restore your health.
You are immune to rotting.


Message History

You barely miss the wyvern. You bite the wyvern, but do no damage.
The wyvern is heavily wounded.
The wyvern misses you.
Joseph shoots a sling bullet.
The sling bullet hits you! The wyvern completely misses you.
You barely miss the wyvern. You bite the wyvern! You drain its power.
You feel invigorated.
The wyvern is almost dead.
The wyvern barely misses you.
Joseph shoots a sling bullet.
The sling bullet hits you!
You hit the wyvern.
The wyvern is almost dead.
The wyvern bites you but does no damage.
You hit the wyvern but do no damage. Your bite misses the wyvern.
The wyvern is almost dead.
The wyvern barely misses you.
Joseph says, "You will never get the ORB, sorry."
Joseph shoots a sling bullet.
The sling bullet hits you!!
* * * LOW HITPOINT WARNING * * *
The wyvern bites you!
You die...

#+ #.......# #######
#....#.......####.....#
((....................#
.((. ##...............#
..... #............##
....(##.###........#
.....@#.###........#
.........##.....[..#
......l@.##........#####
........(##............#
.........#########...>.#
....>....# #####.....#
##.......# #.........#
#.......#####..(..††..#
#.......##.............
#.......##........##...
#.....#####...


You could see Joseph and a wyvern.

Vanquished Creatures
  A two-headed ogre (D:9)
  Pikel (D:5)
  A hippogriff (D:9)
  A vampire (D:6)
  2 orc warriors
  3 ice beasts
  A sky beast (D:7)
  2 ogres
  A centaur (D:9)
  3 elf zombies
  2 elf skeletons (D:7)
  6 bullfrogs
  2 scorpions (D:4)
  6 killer bees (D:9)
  4 howler monkeys
  2 crimson imps
  2 bullfrog zombies
  2 hounds (D:6)
  2 human zombies (Ossuary)
  4 orc priests
  6 orc wizards
  A gnoll shaman (D:7)
  2 iguanas
  A jelly (D:7)
  2 bullfrog skeletons
  A human skeleton (D:7)
  4 worker ants
  2 big kobold zombies (Ossuary)
  3 hound zombies
  A hound skeleton (D:6)
  4 mummies (Ossuary)
  A worker ant zombie (D:7)
  3 gnolls (D:7)
  8 adders
  3 howler monkey skeletons
  A shadow imp (D:7)
  An ooze (D:2)
  2 adder zombies
  An adder skeleton (D:9)
  3 worms
  2 dart slugs (D:1)
  5 leopard geckos
  34 orcs
  2 ball pythons
  15 bats
  3 giant cockroaches
  A gnoll zombie (Ossuary)
  10 goblins
  5 hobgoblins
  6 jackals
  14 kobolds
  2 quokkas
  A ball python skeleton (D:6)
  5 frilled lizards
  A goblin zombie (Ossuary)
  A jackal zombie (Ossuary)
  A kobold zombie (Ossuary)
  3 orc zombies
  9 rats
218 creatures vanquished.

Vanquished Creatures (others)
  An orc (D:6)
1 creature vanquished.

Grand Total: 219 creatures vanquished

Notes
Turn   | Place    | Note
-------+----------+-------------------------------------------
     0 | D:1      | slep the Vine Stalker Monk began the quest for the Orb.
     0 | D:1      | Reached XP level 1. HP: 11/11 MP: 2/2
    67 | D:1      | Reached XP level 2. HP: 4/16 MP: 3/3
   289 | D:1      | Reached skill level 3 in Long Blades
   356 | D:1      | Reached XP level 3. HP: 11/20 MP: 2/4
   903 | D:2      | Gained mutation: Your natural rate of healing is unusually fast. [Vine Stalker growth]
   903 | D:2      | Reached XP level 4. HP: 21/24 MP: 5/5
  1279 | D:3      | Reached XP level 5. HP: 12/28 MP: 4/6
  1726 | D:4      | Reached skill level 4 in Long Blades
  1732 | D:4      | Reached XP level 6. HP: 32/32 MP: 7/7
  2047 | D:4      | Reached skill level 1 in Armour
  2128 | D:5      | Entered Level 5 of the Dungeon
  2140 | D:4      | Reached XP level 7. HP: 20/37 MP: 6/8
  2197 | D:5      | Noticed Pikel
  2312 | D:5      | Found a staircase to the Ecumenical Temple.
  2330 | Temple   | Entered the Ecumenical Temple
  2506 | D:5      | Found a radiant altar of Vehumet.
  2626 | D:5      | Found an iron altar of Okawaru.
  2635 | D:5      | Became a worshipper of Warmaster Okawaru
  2635 | D:5      | Reached * piety under Okawaru
  2635 | D:5      | Reached ** piety under Okawaru
  2675 | D:5      | Killed Pikel
  2675 | D:5      | Reached *** piety under Okawaru
  2675 | D:5      | Reached skill level 5 in Long Blades
  2675 | D:5      | Reached skill level 5 in Stealth
  2675 | D:5      | Gained mutation: You have razor-sharp teeth. [Vine Stalker growth]
  2675 | D:5      | Reached XP level 8. HP: 11/42 MP: 2/9
  2799 | D:5      | Reached skill level 6 in Long Blades
  3040 | D:4      | Reached **** piety under Okawaru
  3381 | D:6      | Received a gift from Okawaru
  3539 | D:6      | Reached XP level 9. HP: 33/46 MP: 10/10
  3618 | D:6      | Reached skill level 7 in Long Blades
  3753 | D:6      | Reached skill level 5 in Fighting
  3924 | D:6      | Identified the Compendium of Activism
  4131 | D:7      | Reached skill level 5 in Dodging
  4207 | D:7      | Found a sand-covered staircase.
  4213 | Ossuary  | Entered an ossuary
  4268 | Ossuary  | Reached skill level 8 in Long Blades
  4596 | D:7      | Learned a level 1 spell: Apportation
  4616 | D:7      | Reached ***** piety under Okawaru
  4725 | D:7      | Reached XP level 10. HP: 39/53 MP: 8/11
  4803 | D:7      | Found Boxaf's Island Escapes.
  4943 | D:7      | Found Efueh's Gadget Boutique.
  5262 | D:9      | HP: 1/53 [orc warrior/scimitar (3)]
  5314 | D:9      | Noticed a two-headed ogre
  5433 | D:9      | Killed a two-headed ogre
  5561 | D:9      | Found a staircase to the Lair.
  5567 | D:9      | Reached skill level 1 in Throwing
  5664 | D:9      | Found a staircase to the Orcish Mines.
  5668 | D:9      | Noticed Joseph
  5689 | D:9      | Slain by a wyvern

Vault maps used:
D:1:      dpeg_arrival_tiny_g
D:3:      first_ration
D:4:      serial_glass, glass_columns_b, glass_columns_b
D:5:      old_standard_altar, minmay_temple_entry_glass, basic_altar, uniq_pikel
D:6:      cheibrodos_barr_body
D:7:      nicolae_ossuary_entry_catacombs, serial_shops, shop,
          nicolae_island_escapes
D:9:      lair_entry_dummy, orc_0_dummy, uniq_joseph
Temple:   kilobyte_greek_temple
Ossuary:  ossuary_minmay_tomb_2a

Skill      XL: |  1  2  3  4  5  6  7  8  9 10 |
---------------+-------------------------------+-----
Fighting       | 3 4 5 6 |  6.5
Long Blades    | 3 4 5 6 8 |  8.9
Stealth        | 3 4 5 6 7 |  7.8
Dodging        | 3 4 5 |  5.7
Armour         | 1 2 3 |  3.9
Throwing       | 1 |  1.3
Unarmed Combat | |  0.7

Action                   |  1- 3 |  4- 6 |  7- 9 | 10-12 || total
-------------------------+-------+-------+-------+-------++-------
Melee: Falchion          |    95 |   178 |   539 |   114 ||   926
       Bite              |    27 |    81 |   232 |    53 ||   393
       Unarmed           |       |       |       |     8 ||     8
       Punch             |       |       |       |     1 ||     1
 Fire: Blowgun           |       |       |       |    20 ||    20
Throw: Throwing net      |       |       |       |     1 ||     1
Evoke: Wand              |       |       |       |     1 ||     1
  Use: Potion            |       |       |     2 |     4 ||     6
       Scroll            |       |       |       |    15 ||    15
 Stab: Sleeping          |    13 |     8 |    15 |     2 ||    38
       Distracted        |       |       |     1 |     1 ||     2
       Held in net/web   |       |       |       |     3 ||     3
  Eat: Chunk             |       |     5 |     9 |     3 ||    17
Armor: Robe              |    19 |    10 |       |       ||    29
       Leather armour    |       |    26 |   103 |    16 ||   145
       Skin              |       |       |    32 |       ||    32
Dodge: Dodged            |    65 |   155 |   329 |   116 ||   665
       Rpst.: Falchion   |    17 |    46 |   103 |    25 ||   191

Table legend:
 A = Spawn XP
 B = Non-spawn XP
 C = Spawn XP percentage of total XP
 D = Spawn monster count
 E = Non-spawn monster count
 F = Spawn count percentage of total count
 G = Total turns spent on level
                    A         B        C        D         E        F      G
               +---------+---------+-------+---------+---------+-------+---------
         Total |       0 |    6724 |   0.0 |       0 |     219 |   0.0 |  5689
               +---------+---------+-------+---------+---------+-------+---------
           D:1 |       0 |      52 |   0.0 |       0 |      30 |   0.0 |   678
           D:2 |       0 |      64 |   0.0 |       0 |      26 |   0.0 |   549
           D:3 |       0 |     134 |   0.0 |       0 |      25 |   0.0 |   483
           D:4 |       0 |     554 |   0.0 |       0 |      22 |   0.0 |   780
           D:5 |       0 |    1142 |   0.0 |       0 |      18 |   0.0 |   585
           D:6 |       0 |    1159 |   0.0 |       0 |      37 |   0.0 |   816
           D:7 |       0 |    1288 |   0.0 |       0 |      27 |   0.0 |   858
           D:9 |       0 |    2007 |   0.0 |       0 |      18 |   0.0 |   489
       Ossuary |       0 |     324 |   0.0 |       0 |      16 |   0.0 |   288
               +---------+---------+-------+---------+---------+-------+---------
